Map: [ESL] Inside and Out

Players

RiSkyZ (RiSky)

  • Race: Zerg Zerg
  • Spawn Location: 7:00

LiquidClem (Clem) - Winner!

  • Race: Terran Terran
  • League: Grandmaster
  • Spawn Location: 1:00

Event: HomeStory Cup XXII

VOD

Have the link to the VOD?

Description

Time

  • Played on: Dec. 15, 2022, 7:43 a.m.
  • Length: 7:45

All games in this series

Show
View Real Time Build Order
Export as new Build Order

RiSkyZ Zerg 

Build Orders: Hatch First 

Get SALT Encoding   

  12  0:00  Drone  
  13  0:12  Overlord  
  13  0:17  Drone  
  14  0:31  Drone x2  
  16  0:48  Hatchery  
  15  0:51  Drone  
  15  0:54  Drone  
  17  0:57  Drone  
  18  1:09  Extractor  
  17  1:13  Spawning Pool  
  17  1:16  Drone  
  17  1:19  Drone  
  18  1:27  Drone  
  19  1:38  Drone  
  20  1:50  Overlord  
  20  2:01  Queen x2  
  20  2:02  Zergling x4  
  26  2:10  Drone  
  26  2:13  Drone  
  26  2:15  Metabolic Boost  
  28  2:22  Drone x2  
  29  2:38  Drone  
  29  2:41  Hatchery  
  29  2:45  Queen  
  29  2:48  Overlord  
  32  2:51  Drone  
  32  2:53  Drone  
  32  2:56  Drone  
  34  3:02  Drone  
  35  3:08  Drone  
  35  3:10  Drone  
  37  3:16  Drone  
  37  3:18  Overlord  
  37  3:19  Drone  
  39  3:20  Drone  
  39  3:21  Drone  
  41  3:29  Drone  
  41  3:33  Drone  
  43  3:36  Queen x2  
  43  3:37  Overlord  
  47  3:42  Zergling x2  
  47  3:44  Zergling x2  
  47  3:45  Zergling x4  
  51  3:54  Overlord  
  51  3:55  Queen  
  51  3:57  Drone x2  
  51  3:59  Drone  
  51  4:00  Drone x3  
  59  4:04  Drone  
  59  4:08  Drone  
  61  4:11  Drone  
  62  4:17  Drone x2  
  62  4:18  Queen  
  66  4:24  Overlord  
  66  4:25  Drone x2  
  66  4:28  Zergling x4  
  66  4:29  Lair  
  70  4:32  Drone  
  70  4:33  Extractor  
  70  4:34  Extractor  
  70  4:35  Drone, Queen  
  72  4:41  Drone  
  72  4:42  Overlord  
  72  4:43  Drone  
  72  4:44  Drone x2  
  72  4:45  Spore Crawler x2  
  75  4:47  Spore Crawler  
  75  4:50  Drone  
  74  4:57  Drone x7  
  81  5:07  Baneling Nest, Extractor  
  81  5:08  Drone  
  81  5:13  Drone x3  
  83  5:21  Hatchery  
  82  5:23  Drone  
  82  5:24  Drone x5  
  82  5:27  Overlord  
  88  5:32  Overseer  
  88  5:34  Drone  
  87  5:36  Drone x2, Overlord  
  89  5:43  Zergling x4  
  89  5:45  Overlord  
  89  5:46  Overlord  
  89  5:51  Evolution Chamber x2  
  89  5:53  Drone x2  
  89  5:57  Zergling x4, Hatchery  
  89  5:58  Zergling x6  
  89  6:00  Zergling x2  
  94  6:06  Zergling x4  
  97  6:11  Zergling x2  
  97  6:15  Zergling x4  
  97  6:16  Centrifugal Hooks  
  99  6:19  Zergling x6  
  99  6:24  Zergling x4  
  99  6:25  Zergling x2  
  105  6:27  Hatchery  
  105  6:28  Zergling x6  
  105  6:30  Zergling x2  
  105  6:31  Zergling x2  
  109  6:33  Baneling x6  
  109  6:37  Zergling x2  
  109  6:38  Zergling x6  
  113  6:41  Overlord  
  113  6:44  Baneling x2, Overlord x2  
  113  6:48  Overlord  
  113  6:50  Spore Crawler  
  112  7:03  Baneling x10  
  86  7:23  Zergling x44  
Show
View Real Time Build Order
Export as new Build Order

LiquidClem Terran - Winner!

Build Orders: Reaper Expand, Hellion Banshee 

Get SALT Encoding   

  12  0:00  SCV  
  13  0:12  SCV  
  14  0:17  Supply Depot  
  14  0:24  SCV  
  15  0:38  SCV  
  15  0:39  Barracks  
  16  0:43  Refinery  
  16  0:50  SCV  
  17  1:03  SCV  
  18  1:15  SCV  
  19  1:26  Reaper  
  19  1:27  Orbital Command  
  20  1:39  Command Center  
  20  1:47  Supply Depot  
  20  1:52  SCV  
  21  1:57  Marine  
  22  2:04  SCV  
  23  2:09  Factory  
  23  2:16  SCV  
  23  2:18  Refinery  
  23  2:21  Barracks Reactor  
  24  2:28  SCV  
  25  2:40  SCV  
  26  2:50  Orbital Command  
  26  2:52  SCV  
  27  2:58  Starport  
  27  3:03  Hellion x2  
  27  3:05  SCV  
  32  3:09  Barracks Tech Lab  
  32  3:12  Supply Depot  
  32  3:16  SCV  
  32  3:17  SCV  
  34  3:25  Hellion x2  
  38  3:28  SCV  
  38  3:29  SCV  
  40  3:37  Barracks Tech Lab, Supply Depot  
  40  3:40  SCV  
  40  3:41  SCV  
  42  3:42  Banshee, Cloaking Field  
  42  3:47  Hellion  
  47  3:49  Hellion  
  47  3:52  SCV  
  47  3:53  SCV  
  51  3:57  Stimpack  
  51  4:01  Supply Depot  
  51  4:04  SCV  
  51  4:05  SCV  
  53  4:17  SCV  
  53  4:18  SCV  
  53  4:19  Command Center  
  55  4:25  Banshee, Factory Reactor  
  55  4:29  SCV  
  55  4:30  SCV  
  60  4:34  Barracks  
  60  4:37  Barracks  
  60  4:41  Marine, SCV  
  60  4:42  SCV  
  63  4:46  Supply Depot  
  63  4:50  Engineering Bay  
  63  4:51  Engineering Bay  
  63  4:53  SCV  
  63  4:54  SCV  
  63  4:59  Refinery  
  65  5:03  Refinery  
  65  5:04  Marine  
  65  5:06  SCV x2  
  68  5:07  Supply Depot  
  68  5:16  Starport Reactor, Terran Infantry Weapons Level 1  
  68  5:17  Terran Infantry Armor Level 1  
  68  5:18  SCV x2  
  70  5:25  Marine x2  
  70  5:26  Marine  
  73  5:30  SCV  
  73  5:31  Marine x2  
  76  5:37  Siege Tank  
  76  5:39  Orbital Command  
  76  5:42  SCV  
  80  5:43  Marine x2  
  80  5:44  Marine  
  80  5:49  Combat Shield  
  83  5:51  SCV  
  83  5:52  Barracks  
  83  5:54  Barracks, SCV  
  83  5:56  Marine x2  
  87  5:58  Medivac  
  87  6:00  Medivac  
  87  6:03  Orbital Command  
  91  6:05  Supply Depot  
  91  6:07  Marine x3  
  91  6:09  SCV  
  95  6:13  Siege Tank  
  95  6:15  SCV  
  95  6:17  Marine  
  95  6:18  Marine  
  100  6:22  Supply Depot  
  101  6:27  Marine, SCV  
  101  6:28  SCV  
  101  6:29  SCV  
  105  6:33  Marine  
  105  6:36  Marine x2  
  105  6:37  Supply Depot  
  105  6:39  SCV  
  109  6:44  Medivac x2, SCV x2  
  115  6:48  Refinery  
  115  6:50  Armory  
  115  6:51  SCV  
  116  6:55  Marine  
  116  6:56  Barracks Reactor x2, Supply Depot  
  116  6:58  Marine, Siege Tank, SCV x2  
  123  7:03  SCV  
  123  7:06  Marine  
  123  7:07  Marine  
  120  7:10  Marine, SCV x2  
  117  7:18  Marine  
  117  7:19  Supply Depot  
  117  7:21  Marine  
  98  7:23  SCV x2  
  98  7:24  Marine  
  98  7:25  Marine  
  105  7:32  SCV  
  105  7:35  Factory  
Tags
 
Add a new tag
Caveats
  • Supply blocks, unpowered buildings, or Contaminate may cause inaccurate times.
  • Supply counts are checked every 10 seconds.